 Dungeon Crawl Stone Soup version 0.19-a0-981-gaae9137 (webtiles) character file.

5121 HAL9000 the Transmogrifier (level 10, -2/77 HPs)
             Began as a Mottled Draconian Transmuter on July 14, 2016.
             Slain by Erica
             ... wielding a +4 scimitar of flaming
              (6 damage)
             ... on level 8 of the Dungeon.
             The game lasted 00:25:14 (12097 turns).

HAL9000 the Transmogrifier (DrTm)                  Turns: 12097, Time: 00:25:15

Health: -2/77      AC: 11    Str: 14    XL:     10   Next: 32%
Magic:  9/13       EV: 16    Int: 13    God:
Gold:   370        SH:  0    Dex: 14    Spells: 4 memorised, 2 levels left

rFire  . . .     SeeInvis .       - Unarmed
rCold  + . .     Gourm    .     (armour unavailable)
rNeg   . . .     Faith    .     (shield currently unavailable)
rPois  .         Spirit   .     B - +1 hat
rElec  .         Dismiss  .     s - +0 cloak
rCorr  .         Reflect  .     (gloves currently unavailable)
SustAt .         Harm     .     w - +1 pair of boots {Fly}
MR     .....                    (no amulet)
Stlth  +.........               N - +3 ring of evasion
                                V - ring of protection from cold

@: blade hands, flying, not resistant to hostile enchantments, very unstealthy
A: breathe sticky flame splash, unfitting armour, cold-blooded, AC +7
a: Breathe Sticky Flame, End Transformation, Stop Flying


You were on level 8 of the Dungeon.
You were not hungry.
You had blades for hands.
You visited 2 branches of the dungeon, and saw 9 of its levels.

You collected 370 gold pieces.

Inventory:

Missiles
 a - 88 arrows
Armour
 s - a +0 cloak (worn)
 w - a +1 pair of boots of flying (worn)
 B - a +1 hat (worn)
Jewellery
 x - an uncursed ring of sustain attributes
 K - an uncursed ring of ice
 N - a +3 ring of evasion (right scythe-like blade)
 V - a ring of protection from cold (left scythe-like blade)
Wands
 p - a wand of digging (10/24)
 Q - a wand of digging (13/24)
Scrolls
 j - 3 scrolls of enchant weapon
 C - a scroll of blinking
 D - 2 scrolls of remove curse
 F - 2 scrolls of magic mapping
 H - a scroll of enchant armour
 R - a scroll of identify
 W - a scroll of teleportation
Potions
 k - a potion of magic
 n - 3 potions of curing
 t - 3 potions of might
 u - 2 potions of resistance
 A - 2 potions of lignification
 E - a potion of agility {unknown}
 J - a potion of cure mutation
 M - a potion of flight
 T - a potion of brilliance {unknown}
Books
 b - a book of Changes

   Spells                             Type                      Level
   a - Beastly Appendage              Transmutation                1
   b - Sticks to Snakes               Transmutation                2
   c - Spider Form                    Transmutation/Poison         3
   d - Ice Form                       Ice/Transmutation            4
   e - Blade Hands                    Transmutation                5
 I - a book of Callings

   Spells                             Type                      Level
   a - Summon Small Mammal            Summoning                    1
   b - Call Imp                       Summoning                    2
   c - Call Canine Familiar           Summoning                    3
   d - Summon Guardian Golem          Hexes/Summoning              3
   e - Summon Lightning Spire         Summoning/Air                4
   f - Summon Ice Beast               Ice/Summoning                4
 U - a book of Cantrips

   Spells                             Type                      Level
   a - Confusing Touch                Hexes                        1
   b - Animate Skeleton               Necromancy                   1
   c - Summon Small Mammal            Summoning                    1
   d - Apportation                    Translocation                1
Comestibles
 c - 6 bread rations
 m - 3 meat rations
 S - a slice of pizza
 Y - a beef jerky


   Skills:
 + Level 3.0 Fighting
 + Level 3.1 Dodging
 + Level 10.0 Unarmed Combat
 - Level 2.0 Spellcasting
 + Level 11.3 Transmutations


You had 2 spell levels left.
You knew the following spells:

 Your Spells              Type           Power        Failure   Level  Hunger
a - Beastly Appendage     Tmut           ####..       10%         1    ##.....
b - Sticks to Snakes      Tmut           ####....     12%         2    ###....
c - Spider Form           Tmut/Pois      ###.......   45%         3    ####...
d - Blade Hands           Tmut           ####......   45%         5    ######.


Dungeon Overview and Level Annotations

Branches:
Dungeon (8/15)             Temple (1/1) D:4            Lair (0/6) D:8

Altars:
Ashenzari
Dithmenos
Elyvilon
Fedhas
Gozag
Hepliaklqana
Makhleb
Nemelex Xobeh
Okawaru
Pakellas
Qazlal
Sif Muna
Trog
Uskayaw
Vehumet
Xom
Yredelemnul
Zin

Annotations:
D:8 Erica


Innate Abilities, Weirdness & Mutations

You can spit globs of burning liquid.
You can ignite nearby creatures when you spit burning liquid.
Your weird mottled scales are hard. (AC +7)
Your body does not fit into most forms of armour.
You are cold-blooded and may be slowed by cold attacks.


Message History

* * * LOW HITPOINT WARNING * * *
The orb of energy explodes!
You hear a bark!
You barely miss something.
You feel sick.
Unknown command.
You slice something!! Something hits you!
* * * LOW HITPOINT WARNING * * *
Something burns you.
* * * LOW HITPOINT WARNING * * *
Unknown command.
You feel better.
You hear some strange, mumbled words.
An orb of energy appears from out of thin air!
The orb of energy hits you!
* * * LOW HITPOINT WARNING * * *
The orb of energy explodes!
Unknown command.
Okay, then.
You closely miss something. Something hits you.
You die...

####..# #..#....# #.#
......# #.......# #.#
#####.# #..#...## #.# #.#
##...#.## #.#
####.###..###.. #.#
#..............#########.#
#.####.####..............#
#.##[....##...#.#####.####
#.#.......#.# #@# #.#
#.#.......#.# #{# #.#
#.(..._.....# #.# #.#
#.#.......#.# #.# #.#
#.#.......#.# #.# #.#
##.##.....## .##.# #.#
#..####.####.....# #.#
#............# #.#
..###..#.#####


There were no monsters in sight!

Vanquished Creatures
  The ghost of HAL9000 the Grappler, a novice DrTm (D:8)
  The ghost of crawlian the Firebug, a novice DEFE (D:5)
  A hippogriff (D:7)
  Menkaure (D:6)
  Edmund (D:5)
  A water moccasin (D:8)
  2 black bears
  2 ice beasts
  A sky beast (D:8)
  2 ogres
  5 centaurs
  5 giant frogs
  2 scorpions
  8 killer bees
  4 wights (D:8)
  2 howler monkeys
  4 crimson imps
  A giant frog zombie (D:7)
  5 hounds
  A jelly (D:7)
  An orc priest (D:4)
  4 orc wizards
  A centaur skeleton (D:4)
  A giant frog skeleton (D:4)
  3 gnoll shamans
  3 iguanas
  Crazy Yiuf (D:2)
  Natasha (thrice) (D:2)
  6 worker ants
  A killer bee zombie (D:5)
  Robin (D:2)
  43 gnolls
  14 adders
  A shadow imp (D:6)
  2 oozes
  An adder zombie (D:7)
  3 worms
  A dart slug (D:2)
  4 giant geckos
  19 orcs
  A ball python (D:2)
  A bat (D:2)
  10 giant cockroaches
  10 hobgoblins
  26 jackals
  A giant gecko zombie (D:5)
  A giant newt (D:4)
  13 goblins
  A jackal skeleton (D:5)
  8 kobolds
  5 rats
240 creatures vanquished.

Vanquished Creatures (collateral kills)
  The ghost of matakusis the Slasher, a novice DsGl (D:4)
  An ogre (D:5)
  A gnoll sergeant (D:5)
  2 killer bees (D:5)
  A giant frog skeleton (D:4)
  A gnoll shaman (D:5)
  7 gnolls (D:5)
  An adder (D:7)
  A dart slug (D:4)
  An orc (D:3)
  A giant cockroach (D:6)
  A hobgoblin (D:2)
  A jackal (D:7)
  A quokka (D:4)
  A goblin (D:2)
22 creatures vanquished.

Vanquished Creatures (others)
  An ice dragon (D:3)
  The ghost of HAL9000 the Ruffian, an amateur DrTm (D:3)
2 creatures vanquished.

Grand Total: 264 creatures vanquished

Notes
Turn   | Place    | Note
-------+----------+-------------------------------------------
     0 | D:1      | HAL9000 the Draconian Transmuter began the quest for the Orb.
     0 | D:1      | Reached XP level 1. HP: 16/16 MP: 3/3
   607 | D:2      | Reached XP level 2. HP: 20/23 MP: 3/5
   611 | D:2      | Learned a level 2 spell: Sticks to Snakes
   769 | D:2      | Reached XP level 3. HP: 24/28 MP: 4/6
   812 | D:2      | Reached skill level 3 in Transmutations
  1034 | D:2      | Noticed Natasha
  1047 | D:2      | Killed Natasha
  1246 | D:2      | Found a runed door.
  1283 | D:2      | Noticed Natasha
  1295 | D:2      | Killed Natasha
  1295 | D:2      | Reached XP level 4. HP: 21/35 MP: 5/7
  1303 | D:2      | Noticed Natasha
  1315 | D:2      | Killed Natasha
  1398 | D:2      | Noticed Robin
  1700 | D:1      | Reached skill level 4 in Transmutations
  1983 | D:2      | Killed Robin
  1983 | D:2      | Reached XP level 5. HP: 19/40 MP: 0/8
  2337 | D:2      | Learned a level 3 spell: Spider Form
  2397 | D:2      | Noticed Crazy Yiuf
  2403 | D:2      | Killed Crazy Yiuf
  2736 | D:3      | Killed HAL9000's ghost
  3109 | D:3      | Found an oddly glowing altar of Pakellas.
  3110 | D:3      | Noticed an ice dragon
  3124 | D:3      | Killed an ice dragon
  3334 | D:3      | Reached skill level 5 in Unarmed Combat
  3492 | D:3      | Found a glowing silver altar of Zin.
  3492 | D:3      | Found a burning altar of Makhleb.
  3493 | D:3      | Noticed a green death
  3493 | D:3      | Noticed an angel
  3853 | D:4      | Noticed matakusis's ghost (novice DsGl)
  3862 | D:3      | Reached XP level 6. HP: 39/47 MP: 9/9
  3962 | D:4      | Reached skill level 5 in Transmutations
  4308 | D:4      | Your scales start taking on a weird mottled colour.
  4308 | D:4      | Reached XP level 7. HP: 37/52 MP: 10/10
  4403 | D:4      | Found a staircase to the Ecumenical Temple.
  4412 | Temple   | Entered the Ecumenical Temple
  4641 | D:4      | Killed matakusis's ghost
  4641 | D:4      | Reached skill level 6 in Transmutations
  5076 | D:5      | Entered Level 5 of the Dungeon
  5086 | D:5      | Reached XP level 8. HP: 59/59 MP: 2/11
  5142 | D:5      | Noticed crawlian's ghost (novice DEFE)
  5143 | D:5      | Learned a level 5 spell: Blade Hands
  5152 | D:5      | Killed crawlian's ghost
  5152 | D:5      | Reached skill level 7 in Transmutations
  5586 | D:5      | Noticed Edmund
  5604 | D:5      | Killed Edmund
  5958 | D:5      | Found a bloodstained altar of Trog.
  6124 | D:5      | Reached skill level 8 in Transmutations
  7458 | D:5      | Reached XP level 9. HP: 57/64 MP: 9/12
  7466 | D:5      | Reached skill level 9 in Transmutations
  9178 | D:6      | Reached skill level 10 in Transmutations
  9331 | D:6      | Noticed Menkaure
  9343 | D:6      | Killed Menkaure
 10604 | D:7      | Found a shadowy altar of Dithmenos.
 10689 | D:7      | Found a burning altar of Makhleb.
 11121 | D:8      | Reached skill level 11 in Transmutations
 11154 | D:8      | Noticed HAL9000's ghost (novice DrTm)
 11169 | D:8      | Killed HAL9000's ghost
 11169 | D:8      | Reached XP level 10. HP: 50/73 MP: 2/13
 11288 | D:8      | Found a deep blue altar of Sif Muna.
 11622 | D:8      | Found a staircase to the Lair.
 11781 | D:8      | Reached skill level 10 in Unarmed Combat
 11974 | D:8      | Found a shattered altar of Ashenzari.
 12082 | D:8      | Noticed Erica
 12096 | D:8      | HP: 3/77 [something/orb of energy (18)]
 12097 | D:8      | Slain by Erica

Vault maps used:
D:1:      lemuel_arrival_rhombus, minmay_misc_feat_tower, supply_closet_lemuel
D:2:      first_bread, uniq_crazy_yiuf_cottage, uniq_natasha, uniq_robin
D:3:      grunt_temple_overflow_order_and_chaos_2,
          gammafunk_pakellas_spire_experiment
D:5:      lemuel_castle_with_subvaults, bloody_trog, uniq_edmund
D:6:      uniq_menkaure
D:7:      nicolae_dithmenos_the_darkroom, bloody_makhleb
D:8:      kennysheep_mini_moat, old_standard_altar, lair_0_dummy, uniq_erica
Temple:   minmay_temple_curvy_loop

Skill      XL: |  1  2  3  4  5  6  7  8  9 10 |
---------------+-------------------------------+-----
Transmutations | 3 4 5 6 8 11 | 11.3
Unarmed Combat | 4 5 6 7 8 9 10 | 10.0
Dodging        | 2 3 |  3.1
Fighting       | 3 |  3.0
Spellcasting   | |  2.0

Action                   |  1- 3 |  4- 6 |  7- 9 | 10-12 || total
-------------------------+-------+-------+-------+-------++-------
Melee: Unarmed           |    84 |   184 |   471 |    84 ||   823
       Tailslap          |    11 |    12 |    27 |    10 ||    60
       Kick              |     4 |     5 |       |       ||     9
       Headbutt          |     4 |    10 |    10 |       ||    24
       Punch             |       |       |     8 |     4 ||    12
 Cast: Beastly Appendage |    17 |    21 |     5 |     1 ||    44
       Sticks to Snakes  |       |    20 |    42 |       ||    62
       Spider Form       |       |     3 |    22 |     2 ||    27
       Blade Hands       |       |       |     5 |     6 ||    11
 Abil: Breathe Sticky Fl |       |       |     7 |       ||     7
  Use: Potion            |       |     2 |     3 |     1 ||     6
       Scroll            |       |     1 |    15 |     2 ||    18
 Stab: Sleeping          |       |       |     2 |       ||     2
       Distracted        |       |       |     1 |       ||     1
  Eat: Chunk             |     1 |    13 |    25 |     4 ||    43
       Pizza             |       |       |     1 |     1 ||     2
       Meat ration       |       |       |     1 |       ||     1
Armor: Skin              |    19 |    50 |   116 |    21 ||   206
Dodge: Dodged            |    43 |   113 |   386 |    48 ||   590
